[Event "Early-Titled-Tuesday-Blitz-January-23-2024"]
[Site "Chess.com"]
[Date "2024.01.23"]
[Round "5"]
[White "DavidGavrilescu18"]
[Black "Muslim_player_05"]
[Result "1-0"]
[WhiteElo "2820"]
[BlackElo "2520"]
[TimeControl "180+1"]
[EndTime "8:54:33 PST"]
[Termination "DavidGavrilescu18 won by resignation"]

1. Nc3 Nf6 2. Nf3 g6 3. d4 d5 4. Bg5 Bg7 5. Bxf6 Bxf6 6. e4 dxe4 7. Nxe4 Bg7 8. h3 O-O 9. Bd3 Bxd4 10. Nxd4 Qxd4 11. O-O Qxb2 12. Re1 Nc6 13. Qd2 Qd4 14.
Qg5 Bf5 15. Rad1 Rad8 16. h4 Bxe4 17. Bxe4 Qxd1 18. Rxd1 Rxd1+ 19. Kh2 Rfd8 20. h5 R1d6 21. h6 Rf6 22. Qb5 Rxf2 23. Qxb7 Ne5 24. Qxc7 Rf8 25. Qxe5 Rf6 26. Qxe7 Re6 27. Qb4 g5 28. Kg3 Rxh6 29.
Qe7 Re6 30. Qxg5+ Kh8 31. Qh4 f5 32. Bd3 Rg6+ 33. Kf3 Kg7 34. Qd4+ Kh6 35. Qxa7 Rg4 36. Qb6+ Kg7 37. Bxf5 Rg6 38. Qc7+ Rf7 39. Qxf7+ Kxf7 40.
Bxg6+ hxg6 41. a4 1-0

[Event "Early-Titled-Tuesday-Blitz-January-23-2024"]
[Site "Chess.com"]
[Date "2024.01.23"]
[Round "5"]
[White "toninhojit"]
[Black "nekotyanof"]
[Result "0-1"]
[WhiteElo "2444"]
[BlackElo "2651"]
[TimeControl "180+1"]
[EndTime "8:54:35 PST"]
[Termination "nekotyanof won by resignation"]

1. d4 Nf6 2. c4 e6 3. Nf3 d5 4.
Nc3 Be7 5. Bf4 O-O 6. e3 c5 7. dxc5 Bxc5 8. a3 Nc6 9. b4 Nxb4 10. axb4 Bxb4 11. Qb3 a5 12. Be2 Ne4 13. Rc1 dxc4 14. Qxc4 Nxc3 15. Rxc3 b5 16. Qb3 Bxc3+ 17. Qxc3 b4 18.
Qb3 Ba6 19. Bxa6 Rxa6 20. O-O Qd5 21. Qa4 Rc8 22. Rd1 b3 23. Rb1 Qd3 24. Qa1 Rac6 25. e4 Qxe4 26. Be3 Rc2 27. Qxa5 Ra2 28. Qe1 Qxb1 29.
Qxb1 b2 30. g3 Ra1 31. Nd2 Rxb1+ 32. Nxb1 Rc1+ 0-1

[Event "Early-Titled-Tuesday-Blitz-January-23-2024"]
[Site "Chess.com"]
[Date "2024.01.23"]
[Round "5"]
[White "enestnrvrd"]
[Black "abhidabhi"]
[Result "0-1"]
[WhiteElo "2688"]
[BlackElo "2928"]
[TimeControl "180+1"]
[EndTime "8:54:36 PST"]
[Termination "abhidabhi won on time"]

1. Nf3 Nf6 2. d4 b6 3. c4 Bb7 4.
Nc3 g6 5. d5 Bg7 6. e4 O-O 7.
Bg5 d6 8. Bd3 Nbd7 9. O-O h6 10.
Bd2 c6 11. Re1 Rc8 12. h3 cxd5 13. exd5 Nc5 14. Bc2 Re8 15. b4 Ncd7 16. Bb3 a6 17. Rc1 Rc7 18. Be3 Qb8 19. Qd2 Kh7 20. Bd4 Ba8 21. a4 e5 22. dxe6 fxe6 23. Nh4 e5 24. Be3 Nf8 25. Qxd6 g5 26. Nf5 Qb7 27. Nd5 Rc6 28. Bc2 Kh8 29. Qxc6 Qxc6 0-1

[Event "Early-Titled-Tuesday-Blitz-January-23-2024"]
[Site "Chess.com"]
[Date "2024.01.23"]
[Round "5"]
[White "TitarovVasiliYouTube"]
[Black "PenguinPacks"]
[Result "0-1"]
[WhiteElo "2543"]
[BlackElo "2431"]
[TimeControl "180+1"]
[EndTime "8:54:36 PST"]
[Termination "PenguinPacks won on time"]

1. e4 e5 2. Nf3 Nc6 3. Be2 Nf6 4. d3 Bc5 5. O-O h6 6. c3 Bb6 7. a4 a5 8. Na3 d5 9. exd5 Qxd5 10. Nc4 O-O 11. Nxb6 cxb6 12. Be3 Nd7 13. Nd2 Nc5 14. Nc4 Qd8 15. Qc2 Bf5 16. Rfd1 Rc8 17. Bxc5 bxc5 18. Qb3 Qe7 19. Qb5 Ra8 20. Nb6 Ra6 21. Nd5 Qd6 22.
Bf3 Bd7 23. Qxb7 Ra7 24. Qb3 Be6 25. Re1 Rb8 26. Qa2 Rd7 27. c4 Nd4 28. Bd1 Bxd5 29. cxd5 Qxd5 30. Qxd5 Rxd5 31. b3 Nc6 32. Rc1 Nb4 33.
Bf3 Rxd3 34. Rxc5 f6 35. Rxa5 Rxb3 36. Rb5 Rxb5 37. axb5 Kf8 38. Rd1 Nd3 39. Bc6 Ke7 40. Kf1 f5 0-1

[Event "Early-Titled-Tuesday-Blitz-January-23-2024"]
[Site "Chess.com"]
[Date "2024.01.23"]
[Round "5"]
[White "alekroth65"]
[Black "FMCarmona"]
[Result "1-0"]
[WhiteElo "2340"]
[BlackElo "2144"]
[TimeControl "180+1"]
[EndTime "8:54:36 PST"]
[Termination "alekroth65 won by resignation"]

1. d4 d5 2. c4 e6 3. Nf3 Nf6 4. Bg5 Be7 5. e3 O-O 6. Nc3 c6 7. Qc2 h6 8. Bxf6 Bxf6 9. h4 Nd7 10.
g4 g6 11. g5 hxg5 12. hxg5 Bg7 13. O-O-O b6 14. Bd3 Qe8 15. Rh2 Ba6 16. cxd5 Bxd3 17. Qxd3 exd5 18. Rdh1 Qe6 19. e4 Rfd8 20. e5 c5 21. Ne2 Rac8 22. Kb1 cxd4 23. Nexd4 Nxe5 24. Nxe6 Nxd3 25. Nxd8 Rxd8 26. b3 Nc5 27. Nd2 d4 28. f4 a5 29. Nc4 a4 30. Ne5 axb3 31. axb3 Nxb3 32. Ng4 d3 33. Nf6+ Kf8 34. Rb2 d2 35.
Rd1 Rd3 36. Kc2 Rf3 37. Rxb3 1-0

[Event "Early-Titled-Tuesday-Blitz-January-23-2024"]
[Site "Chess.com"]
[Date "2024.01.23"]
[Round "5"]
[White "campochess"]
[Black "Roedor"]
[Result "1/2-1/2"]
[WhiteElo "2106"]
[BlackElo "2288"]
[TimeControl "180+1"]
[EndTime "8:54:36 PST"]
[Termination "Game drawn by repetition"]

1. e4 e5 2. d4 exd4 3. Nf3 Nc6 4. Bc4 Bc5 5. c3 Nf6 6. e5 d5 7. Bb5 Ne4 8. cxd4 Bb6 9. O-O Bg4 10. Be3 O-O 11.
Nbd2 Nxd2 12. Qxd2 Bxf3 13. gxf3 Ne7 14. Kh1 Nf5 15.
Bd3 Nh4 16. Qe2 f5 17. f4 Rc8 18. b4 a5 19. a3 Qe7 20. Rab1 axb4 21. axb4 Kh8 22.
Rg1 Rg8 23. Rg5 Ng6 24. Qh5 Nf8 25. Rxf5 g6 26. Qg5 Qxg5 27. Rxg5 Ne6 28. Rg4 Nxd4 29.
Bxd4 Bxd4 30. f5 Bxe5 31. fxg6 Rcf8 32. Rbg1 Rxf2 33. Rh4 Rg7 34. gxh7 Rxg1+ 35. Kxg1 Rf4 36. Rh5 Bd4+ 37. Kg2 c6 38. Kg3 Rf7 39. Kg4 Bc3 40. b5 Bd4 41. bxc6 bxc6 42. Rh6 Rc7 43. Re6 Rc8 44. Kf5 c5 45. Kg6 c4 46. Bf5 Bg7 47. Rd6 Rf8 48. Rxd5 c3 49. Rc5 Rf6+ 50. Kg5 Rf8 51.
Kg6 Rf6+ 52. Kg5 Rf8 53. Kg6 1/2-1/2

[Event "Early-Titled-Tuesday-Blitz-January-23-2024"]
[Site "Chess.com"]
[Date "2024.01.23"]
[Round "5"]
[White "Sam_ChessMood"]
[Black "Witik"]
[Result "1-0"]
[WhiteElo "2911"]
[BlackElo "2665"]
[TimeControl "180+1"]
[EndTime "8:54:37 PST"]
[Termination "Sam_ChessMood won by resignation"]

1. d4 d5 2. c4 c6 3. Nf3 Nf6 4. Nc3 e6 5. Bg5 Nbd7 6. e3 Qa5 7. cxd5 Nxd5 8. Rc1 Nxc3 9. bxc3 Ba3 10. Rc2 b6 11.
Be2 Ba6 12. O-O O-O 13. c4 Rfe8 14. Bf4 h6 15. h3 Rad8 16. Bd3 b5 17. Qe2 b4 18. Ne5 Nxe5 19. Bxe5 f6 20. Bg3 c5 21. Qh5 e5 22. Qg6 cxd4 23. exd4 e4 24. Bxe4 Qg5 25.
Qh7+ Kf7 26. h4 Qg4 27. Bf3 Qg6 28. Qxg6+ Kxg6 29. h5+ Kf5 30. Rd1 Rc8 31. c5 Bb5 32. c6 Ba4 33. Rc5+ Ke6 34. Bd5+ Ke7 35. Re1+ Kf8 36. Bd6+ 1-0

[Event "Early-Titled-Tuesday-Blitz-January-23-2024"]
[Site "Chess.com"]
[Date "2024.01.23"]
[Round "5"]
[White "Balla_Tamas"]
[Black "viktorskliarov"]
[Result "0-1"]
[WhiteElo "2465"]
[BlackElo "2666"]
[TimeControl "180+1"]
[EndTime "8:54:38 PST"]
[Termination "viktorskliarov won by resignation"]

1. e4 c5 2. c3 d6 3. d4 Nf6 4. Bd3 g6 5. h3 Bg7 6. Nf3 O-O 7.
Bg5 Qb6 8. Qe2 cxd4 9. cxd4 Nc6 10.
d5 Nb4 11. O-O Nxd3 12. Qxd3 Qxb2 13. Nbd2 Qb6 14. Rab1 Qa5 15. Nc4 Qa6 16. Nd4 Bd7 17.
Qb3 Nxe4 18. Bxe7 Rfe8 19. Bh4 Bxd4 20. Ne3 Nd2 21. Qd1 Bxe3 22. fxe3 Qxf1+ 23. Qxf1 Nxf1 0-1

[Event "Early-Titled-Tuesday-Blitz-January-23-2024"]
[Site "Chess.com"]
[Date "2024.01.23"]
[Round "5"]
[White "kleinebeer98"]
[Black "Andrej2004"]
[Result "1-0"]
[WhiteElo "2854"]
[BlackElo "2630"]
[TimeControl "180+1"]
[EndTime "8:54:39 PST"]
[Termination "kleinebeer98 won by resignation"]

1. e4 e5 2. Nc3 Nc6 3. Bc4 Nf6 4.
d3 Bc5 5. f4 d6 6. Nf3 Bd7 7.
Na4 Bb4+ 8. c3 Ba5 9. O-O Qe7 10.
Kh1 h6 11. b4 Bb6 12. Nxb6 axb6 13. a4 exf4 14. Bxf4 Ne5 15. Nxe5 dxe5 16. Be3 Be6 17.
Bb5+ c6 18. Bc4 Bxc4 19. dxc4 Nxe4 20. Qg4 Nd6 21. Rad1 O-O 22. Bxh6 f5 23. Qxg7+ Qxg7 24. Bxg7 Kxg7 25. Rxd6 Rad8 26. Rxd8 Rxd8 27. h3 f4 28. g3 fxg3 29. Rf3 e4 30. Rxg3+ Kf6 31. Kg2 Rd2+ 32. Kf1 Ke5 33. Rg7 Kf4 34. Rxb7 Kf3 35. Rf7+ Ke3 36. c5 bxc5 37. a5 cxb4 38. cxb4 Rd1+ 39. Kg2 Rb1 40. a6 Rxb4 41. a7 Ra4 42. h4 c5 43.
h5 c4 44. h6 c3 45. h7 c2 46. h8=Q 1-0

[Event "Early-Titled-Tuesday-Blitz-January-23-2024"]
[Site "Chess.com"]
[Date "2024.01.23"]
[Round "5"]
[White "M1711"]
[Black "AttilaTurzo"]
[Result "1-0"]
[WhiteElo "2647"]
[BlackElo "2498"]
[TimeControl "180+1"]
[EndTime "8:54:39 PST"]
[Termination "M1711 won on time"]

1. d4 Nf6 2. Nf3 e6 3. g3 d5 4.
c4 Bb4+ 5. Bd2 Be7 6. Bg2 O-O 7. O-O c6 8. Qc2 Nbd7 9. b4 b6 10. a4 Bb7 11. a5 Rc8 12. c5 bxc5 13. a6 Ba8 14. bxc5 e5 15. Nxe5 Nxe5 16. dxe5 Nd7 17. Bh3 Nxc5 18. Bxc8 Qxc8 19. Bb4 Qc7 20. Bxc5 Qxe5 21.
Bxe7 Qxe7 22. Rc1 c5 23. Qxc5 Qxe2 24. Nc3 Qf3 25. Qd4 Rc8 26. Nxd5 Re8 27. Rc3 Qxd5 28.
Qxd5 Bxd5 29. Rc7 Ra8 30. Rd1 Be6 31. Rxa7 Rc8 32. Rb7 h5 33. a7 h4 34. Rb8 hxg3 35.
Rxc8+ Bxc8 36. a8=Q gxf2+ 37. Kxf2 Kh7 38. Qxc8 g6 39. Qf8 g5 40. Rd6 f6 41. Rxf6 1-0

[Event "Early-Titled-Tuesday-Blitz-January-23-2024"]
[Site "Chess.com"]
[Date "2024.01.23"]
[Round "5"]
[White "Huragan007"]
[Black "NewYearGirl"]
[Result "1-0"]
[WhiteElo "2550"]
[BlackElo "2375"]
[TimeControl "180+1"]
[EndTime "8:54:40 PST"]
[Termination "Huragan007 won by resignation"]

1. e4 c5 2. b3 Nc6 3. Bb2 d6 4.
Bb5 Bd7 5. f4 e5 6. Ne2 Nd4 7.
Bxd7+ Qxd7 8. O-O f6 9. c3 Nxe2+ 10. Qxe2 Be7 11. d4 Bd8 12. dxe5 dxe5 13. fxe5 Bc7 14. exf6 Nxf6 15. e5 Ng4 16. e6 Qd6 17. g3 Ne5 18.
Na3 a6 19. Rad1 Qxe6 20. Nc4 Rd8 21. Nxe5 Rxd1 22. Rxd1 O-O 23. Qc4 Qxc4 24. Nxc4 b5 25. Ne3 Re8 26. Nd5 Be5 27. Kg2 b4 28. Rd3 Kf7 29. Bc1 Ke6 30. c4 Kf5 31. Bf4 Bd4 32. Kf3 g5 33. Be3 g4+ 34. Kf2 Ke4 35. Rd2 Rf8+ 36.
Ke2 Rf3 37. Bxd4 cxd4 38. Nf4 Re3+ 39. Kf2 Rf3+ 40. Ke2 Re3+ 41. Kd1 d3 42. Nxd3 Rxd3 43. Rxd3 Kxd3 44. c5 1-0

[Event "Early-Titled-Tuesday-Blitz-January-23-2024"]
[Site "Chess.com"]
[Date "2024.01.23"]
[Round "5"]
[White "HamedWafa4"]
[Black "NovoselovRoman"]
[Result "1-0"]
[WhiteElo "2721"]
[BlackElo "2537"]
[TimeControl "180+1"]
[EndTime "8:54:42 PST"]
[Termination "HamedWafa4 won by resignation"]

1. e4 e6 2. d4 d5 3. e5 c5 4. c3 Nc6 5. Nf3 Qb6 6. Be2 Nh6 7. Bxh6 gxh6 8. Qd2 Rg8 9. O-O Bd7 10. Na3 cxd4 11. cxd4 h5 12. Rac1 Be7 13. Nb5 h4 14. h3 a6 15. Nd6+ Bxd6 16. exd6 O-O-O 17. Ne5 f6 18. Nxc6 Bxc6 19. Qf4 Rge8 20. Qxf6 Rxd6 21. Qxh4 e5 22. Bg4+ Kb8 23. dxe5 Rg6 24. Bh5 Rh6 25.
Qg5 Ree6 26. Bg4 Reg6 27. Qf4 Qxb2 28. e6+ Ka7 29. e7 Rf6 30. Qe3+ d4 31. Qe5 Be8 32. Qc5+ Qb6 33. Qxb6+ Kxb6 34. Rc8 Bc6 35. Rxc6+ Rxc6 36. e8=Q 1-0

[Event "Early-Titled-Tuesday-Blitz-January-23-2024"]
[Site "Chess.com"]
[Date "2024.01.23"]
[Round "5"]
[White "SulfatoFerroso"]
[Black "NastyaHn"]
[Result "1-0"]
[WhiteElo "2048"]
[BlackElo "2346"]
[TimeControl "180+1"]
[EndTime "8:54:43 PST"]
[Termination "SulfatoFerroso won by resignation"]

1. e4 c5 2. Nf3 Nc6 3. d4 cxd4 4. Nxd4 Nf6 5. Nc3 e5 6. Ndb5 d6 7. Bg5 a6 8. Na3 b5 9. Nd5 Be7 10. Bxf6 Bxf6 11. c4 b4 12. Nc2 a5 13. Be2 O-O 14. Bg4 Bb7 15. Qf3 Bg5 16. h4 Bh6 17. Rd1 Ne7 18.
Nxe7+ Qxe7 19. Ne3 Bxe3 20. Qxe3 Qc7 21. Qd3 Rfd8 22. O-O a4 23. Rd2 Qc6 24. Bf3 Bc8 25. Rfd1 Be6 26. b3 axb3 27. axb3 h6 28. Qe2 Ra3 29.
Qe3 Bxc4 30. Rc2 Rxb3 31. Qxb3 Bxb3 32. Rxc6 Bxd1 33. Bxd1 d5 34. exd5 Rxd5 35. Bc2 Rd4 36. Rc8+ 1-0

[Event "Early-Titled-Tuesday-Blitz-January-23-2024"]
[Site "Chess.com"]
[Date "2024.01.23"]
[Round "5"]
[White "GrotBchess"]
[Black "FMVolodymyrSakun"]
[Result "0-1"]
[WhiteElo "2305"]
[BlackElo "2548"]
[TimeControl "180+1"]
[EndTime "8:54:44 PST"]
[Termination "FMVolodymyrSakun won by resignation"]

1. e4 d6 2. d4 g6 3. Nc3 Bg7 4. Be3 Nc6 5. Be2 e5 6. d5 Nce7 7. Qd2 f5 8. f3 f4 9. Bf2 g5 10. h4 h6 11. hxg5 hxg5 12. Rxh8 Bxh8 13. g4 fxg3 14. Bxg3 Ng6 15. O-O-O Nf4 16. Bxf4 exf4 17. Bb5+ Bd7 18. Nge2 Qf6 19. Bxd7+ Kxd7 20. Qd3 a6 21. Rh1 Ne7 22. Qc4 Bg7 23. Qa4+ c6 24. dxc6+ bxc6 25. Rd1 Ke8 26. Nd4 Rc8 27. Qxa6 g4 28. fxg4 f3 29.
Nf5 Rd8 30. Qd3 Qg5+ 31. Kb1 Qxg4 32. Nxd6+ Kf8 33. Qc4 Qf4 34. Qd3 f2 35. Qh3 Rxd6 36. Qc8+ Nxc8 37. Rf1 0-1

[Event "Early-Titled-Tuesday-Blitz-January-23-2024"]
[Site "Chess.com"]
[Date "2024.01.23"]
[Round "5"]
[White "Aygehovit1992"]
[Black "masterofpuppets2"]
[Result "1-0"]
[WhiteElo "2708"]
[BlackElo "2511"]
[TimeControl "180+1"]
[EndTime "8:54:46 PST"]
[Termination "Aygehovit1992 won on time"]

1. e4 c5 2. Nc3 Nc6 3. Bb5 Nd4 4.
Nf3 e6 5. O-O a6 6. Bd3 Nc6 7.
b3 d6 8. Bb2 Nf6 9. Re1 Be7 10.
e5 dxe5 11. Nxe5 Nd4 12. Ne4 O-O 13. Ng5 h6 14. Ngf3 Nb5 15. Qe2 Nd6 16. h3 Nd5 17. g3 Qc7 18. a3 b6 19. c4 Nf6 20. Ng4 Nxg4 21. hxg4 Bb7 22. Ne5 Rad8 23. Bc2 Ba8 24.
f4 Qb7 25. Kh2 Rfe8 26. Rf1 b5 27. cxb5 axb5 28. Rae1 Qd5 29. Kh3 c4 30. b4 Nc8 31.
Rf2 Nd6 32. Bc3 Bb7 33. Rh2 Ra8 34. Reh1 Rxa3 35. g5 Ne4 36. gxh6 g6 37. h7+ 1-0

[Event "Early-Titled-Tuesday-Blitz-January-23-2024"]
[Site "Chess.com"]
[Date "2024.01.23"]
[Round "5"]
[White "Bkmzzzzz"]
[Black "hmatyi07"]
[Result "1-0"]
[WhiteElo "2399"]
[BlackElo "2183"]
[TimeControl "180+1"]
[EndTime "8:54:46 PST"]
[Termination "Bkmzzzzz won by checkmate"]

1. e4 c5 2. Nf3 e6 3. d3 a6 4. g3 b5 5. Bg2 Bb7 6. O-O d6 7. Re1 Be7 8. Nbd2 Nf6 9. h4 O-O 10.
Nf1 Nbd7 11. Bg5 d5 12. e5 Ne8 13. Bf4 d4 14. N1h2 Nc7 15. h5 Nd5 16. h6 Nxf4 17. hxg7 Kxg7 18. gxf4 Kh8 19. Nd2 Rg8 20. Ne4 Qf8 21.
Qh5 Qg7 22. Ng3 Bxg2 23. Kxg2 Rac8 24. Nf3 Qg6 25. Rh1 Nb6 26. Ng5 Bxg5 27. fxg5 Nd5 28. Kf3 c4 29. Qxg6 Rxg6 30. Ne4 Nb4 31. Nf6 Rg7 32. Rh4 cxd3 33. Rah1 h5 34. Rxh5+ Rh7 35. Rxh7# 1-0

[Event "Early-Titled-Tuesday-Blitz-January-23-2024"]
[Site "Chess.com"]
[Date "2024.01.23"]
[Round "5"]
[White "KorolDimitriy75"]
[Black "C_K_G"]
[Result "0-1"]
[WhiteElo "2356"]
[BlackElo "2118"]
[TimeControl "180+1"]
[EndTime "8:54:46 PST"]
[Termination "C_K_G won on time"]

1. d4 d5 2. c4 e6 3. Nc3 Nf6 4. Bg5 Be7 5. cxd5 exd5 6. e3 O-O 7.
Bd3 a6 8. Bxf6 Bxf6 9. Qh5 g6 10. Qxd5 Qe7 11. Qb3 Bxd4 12. Nd5 Qd6 13. exd4 Be6 14. Bc4 Nc6 15. Ne3 Nxd4 16. Qc3 Rad8 17. Ne2 Bxc4 18. Nxd4 Qxd4 19. Qxc4 Qd2+ 20. Kf1 Qxb2 21. Rc1 Rd2 22. Ng4 h5 23. h3 hxg4 24. Kg1 Rxf2 25. Rh2 g3 0-1

[Event "Early-Titled-Tuesday-Blitz-January-23-2024"]
[Site "Chess.com"]
[Date "2024.01.23"]
[Round "5"]
[White "Binary010"]
[Black "isaak2009"]
[Result "1-0"]
[WhiteElo "2890"]
[BlackElo "2649"]
[TimeControl "180+1"]
[EndTime "8:54:48 PST"]
[Termination "Binary010 won on time"]

1. Nf3 d5 2. e3 Nf6 3. c4 c6 4. Nc3 e6 5. Qc2 Bd6 6. b3 O-O 7. Bb2 a6 8. d4 Nbd7 9. Bd3 Qe7 10. O-O h6 11. e4 dxe4 12. Nxe4 Nxe4 13. Bxe4 Nf6 14.
Bd3 b6 15. Rfe1 Bb7 16. Rad1 c5 17. d5 Qd8 18. dxe6 Bxf3 19. gxf3 Qc7 20. Bxf6 fxe6 21.
Bh4 Bxh2+ 22. Kg2 Qf4 23. Bh7+ Kh8 24. Qe4 Qc7 25. Bg3 Bxg3 26. fxg3 Rae8 27. Bg6 Re7 28. Qe5 Qc8 29. Rd6 Rf6 30. Be4 Qf8 31. Red1 Re8 32. Rxb6 a5 33. a4 g5 34. Rd7 g4 35. f4 Kg8 36. Rbb7 Rd8 37. Rxd8 Qxd8 38. Rb8 1-0

[Event "Early-Titled-Tuesday-Blitz-January-23-2024"]
[Site "Chess.com"]
[Date "2024.01.23"]
[Round "5"]
[White "NtcPou"]
[Black "Pastore1978"]
[Result "0-1"]
[WhiteElo "2002"]
[BlackElo "2281"]
[TimeControl "180+1"]
[EndTime "8:54:48 PST"]
[Termination "Pastore1978 won by checkmate"]

1. e4 e6 2. d4 d5 3. Nd2 c5 4. Ngf3 cxd4 5. exd5 Qxd5 6. Bc4 Qd7 7. Nb3 Nc6 8. O-O a6 9. Nbxd4 Nxd4 10. Nxd4 Qc7 11. Bd3 Bd6 12. h3 Nf6 13. Bg5 Bd7 14. Re1 O-O-O 15. c3 h6 16. Bxf6 gxf6 17. b4 f5 18. b5 a5 19. b6 Qxb6 20. Rb1 Qc7 21. Kh1 Rhg8 22. Bb5 Bc5 23. Qa4 Kb8 24. Bxd7 Rxd7 25.
Nb5 Qc6 26. f3 Rxg2 27. Kxg2 Rd2+ 28. Kg3 Bf2+ 29. Kf4 Rd3 30. Re5 Qxf3# 0-1

[Event "Early-Titled-Tuesday-Blitz-January-23-2024"]
[Site "Chess.com"]
[Date "2024.01.23"]
[Round "5"]
[White "margarita_2703"]
[Black "Nellichka"]
[Result "1-0"]
[WhiteElo "2278"]
[BlackElo "1936"]
[TimeControl "180+1"]
[EndTime "8:54:49 PST"]
[Termination "margarita_2703 won on time"]

1. e4 e6 2. d4 d5 3. e5 c5 4. c3 Nc6 5. Nf3 Qb6 6. Na3 cxd4 7. cxd4 Nge7 8. Nc2 Nf5 9. Be2 Bb4+ 10. Kf1 h5 11.
h4 a5 12. g3 Bd7 13. Kg2 Rc8 14. Bg5 a4 15. Rc1 Be7 16. Rb1 Na5 17. Ne3 Nc4 18. Nxf5 exf5 19. Bxe7 Kxe7 20. Bxc4 Rxc4 21. Qd2 f6 22.
exf6+ gxf6 23. Rhe1+ Kf7 24. b3 axb3 25. axb3 Rc7 26. Rbc1 Rxc1 27. Rxc1 Bc6 28. Qf4 Qxb3 29. Qxf5 Qb2 30. Re1 Qb4 31. Ng5+ Kg7 32. Re6 Qf8 33.
Nh3 Qf7 34. Nf4 Bd7 35. Qxd5 Bxe6 36. Nxe6+ Kg8 37. Qf5 Rh7 38. d5 Qd7 39. Qg6+ Kh8 40. Qxh7+ Qxh7 41. Nf4 Qd7 42. Kf3 b5 43. Ke4 b4 44.
Kd4 b3 45. Kc3 Qb5 46. Kb2 Qc5 47. Kxb3 Qxf2 48. Kc4 Qxg3 49. Ne6 Qg4+ 50. Kc5 Qxh4 51. d6 1-0

[Event "Early-Titled-Tuesday-Blitz-January-23-2024"]
[Site "Chess.com"]
[Date "2024.01.23"]
[Round "5"]
[White "Alenzer"]
[Black "GlavkonVVS"]
[Result "0-1"]
[WhiteElo "2169"]
[BlackElo "2480"]
[TimeControl "180+1"]
[EndTime "8:54:50 PST"]
[Termination "GlavkonVVS won on time"]

1. e4 Nf6 2. e5 Nd5 3. d4 d6 4. Bc4 Nb6 5. Bb3 a5 6. a3 a4 7.
Ba2 dxe5 8. Qh5 e6 9. dxe5 c5 10. Nf3 Nc6 11. Nc3 g6 12. Qg4 Bg7 13. Bg5 Qd7 14. Rd1 Nd5 15. Bxd5 exd5 16. Qxd7+ Bxd7 17. Nxd5 O-O 18. Nc7 Bf5 19. Nxa8 Rxa8 20. c3 Nxe5 21. Nxe5 Bxe5 22. O-O f6 23. Be3 b6 24. f3 Re8 25.
Rfe1 Bc2 26. Rd7 Bf4 27. Bf2 Rxe1+ 28. Bxe1 Bc1 29. Rd6 Bxb2 30. Rxb6 Bxa3 31. Rxf6 Bb3 32. Ra6 c4 33. Bf2 Bb2 34. Ra5 a3 35. Bd4 a2 36.
Ra8+ Kf7 37. Ra7+ Ke6 38. Ra6+ Kd7 39. Ra7+ Kc6 40. Ra6+ Kb7 41. Ra7+ Kb8 42. Rxa2 Bxa2 43. Kf2 Kc7 44. Ke3 Kd6 45. f4 Bb1 46. g4 Ke6 47. h3 Bc2 48. Be5 Bc1+ 49. Kd4 Bd3 50.
Kc5 Be3+ 51. Kb4 h5 52. gxh5 gxh5 53. Kb5 Kf5 54. Kc6 Bf1 55. h4 Bxf4 0-1

[Event "Early-Titled-Tuesday-Blitz-January-23-2024"]
[Site "Chess.com"]
[Date "2024.01.23"]
[Round "5"]
[White "Matols"]
[Black "olawsson"]
[Result "0-1"]
[WhiteElo "2369"]
[BlackElo "2170"]
[TimeControl "180+1"]
[EndTime "8:54:50 PST"]
[Termination "olawsson won by checkmate"]

1. d4 d6 2. Nf3 g6 3. g3 Bg7 4.
Bg2 Nf6 5. O-O O-O 6. c4 c6 7. Nc3 Qa5 8. h3 h6 9. Re1 e5 10. e4 Nbd7 11. Be3 exd4 12. Nxd4 Ne5 13. Nb3 Qb4 14. c5 Nc4 15. cxd6 Nxb2 16. Qc2 Nc4 17. Bc5 Na3 18. Qd3 Qc4 19. Qxc4 Nxc4 20. d7 Nxd7 21. Rac1 Nxc5 22. Nxc5 Ne5 23. f4 b6 24. fxe5 bxc5 25.
Na4 Bxe5 26. Nxc5 Bxg3 27. Rf1 Be5 28. Rfd1 Rb8 29. Nd7 Bxd7 30. Rxd7 Rb2 31. Rxc6 Rxa2 32. Bf1 Rb8 33. Rxf7 Rb1 34. Re7 Bh2+ 35. Kh1 Rxf1# 0-1

[Event "Early-Titled-Tuesday-Blitz-January-23-2024"]
[Site "Chess.com"]
[Date "2024.01.23"]
[Round "5"]
[White "Aleksandar-Topalov"]
[Black "LeoWin2012"]
[Result "1-0"]
[WhiteElo "2342"]
[BlackElo "2193"]
[TimeControl "180+1"]
[EndTime "8:54:50 PST"]
[Termination "Aleksandar-Topalov won on time"]

1. b3 e5 2. Bb2 Nc6 3. e3 d5 4.
Bb5 Bd6 5. f4 Qh4+ 6. g3 Qe7 7.
Nf3 f6 8. fxe5 fxe5 9. Bxc6+ bxc6 10. Nxe5 Nf6 11. d4 O-O 12. O-O Bh3 13. Rf4 Ne4 14. Nd2 g5 15. Rxf8+ Rxf8 16. Qh5 Bf5 17. Nxe4 Bxe4 18. Rf1 Rxf1+ 19. Kxf1 Bxc2 20. Ke2 Be4 21. Kd2 Bb4+ 22. Bc3 Bd6 23. Qg4 Qf6 24. Qe2 Bf8 25. Nd7 Qf7 26. Ne5 Qf6 27. Kc1 Bd6 28. Kb2 Bxe5 29.
dxe5 Qe6 30. Qa6 Qf7 31. Qc8+ Kg7 32. e6+ Kg6 33. exf7 Kxf7 34. Qxc7+ Kg6 35. Qg7+ Kh5 36. h3 Bd3 37. Bf6 h6 38. Be5 Bg6 39. g4+ 1-0

[Event "Early-Titled-Tuesday-Blitz-January-23-2024"]
[Site "Chess.com"]
[Date "2024.01.23"]
[Round "5"]
[White "bangchess21"]
[Black "Juicy_Fork"]
[Result "1-0"]
[WhiteElo "2778"]
[BlackElo "2441"]
[TimeControl "180+1"]
[EndTime "8:54:51 PST"]
[Termination "bangchess21 won on time"]

1. d4 Nf6 2. Nc3 d5 3. Bf4 g6 4. e3 Bg7 5. h4 h5 6. Nf3 O-O 7.
Qd2 c5 8. Ne5 Nc6 9. f3 cxd4 10.
exd4 Bf5 11. Bb5 Nb4 12. Ba4 b5 13. Nxb5 Qa5 14. Nc3 Rac8 15. a3 Na6 16. Nc6 Qb6 17. Nxe7+ Kh7 18. Nxc8 Rxc8 19. Bb3 Re8+ 20. Kf2 Nd7 21.
Nxd5 Bxd4+ 22. Kg3 Qc5 23. c3 Bg7 24. Rhe1 Rd8 25.
Qe3 Qb5 26. c4 Qa5 27. Rad1 Ndc5 28. Bg5 Rd7 29. Ba2 Rxd5 30. Rxd5 Qc7+ 31. Bf4 Qb6 32. b4 Ne6 33. Qxb6 axb6 34. Be5 Bh6 35. Rd7 1-0

[Event "Early-Titled-Tuesday-Blitz-January-23-2024"]
[Site "Chess.com"]
[Date "2024.01.23"]
[Round "5"]
[White "GianmarcoVaR"]
[Black "leopato"]
[Result "1-0"]
[WhiteElo "2758"]
[BlackElo "2258"]
[TimeControl "180+1"]
[EndTime "8:54:51 PST"]
[Termination "GianmarcoVaR won on time"]

1. d4 Nf6 2. Nf3 g6 3. Nc3 Bg7 4. e4 d6 5. Be2 O-O 6. O-O c6 7.
a4 a5 8. Be3 Na6 9. Qd2 Ng4 10.
Bg5 h6 11. Bf4 e5 12. Bg3 exd4 13. Nxd4 Nb4 14. Nb3 Ne5 15. Rad1 Be6 16. Nd4 Nc4 17. Qc1 Qe7 18. Rfe1 Rad8 19. Nb3 b6 20. Nd4 Kh7 21. Bf1 Be5 22. f3 Bxg3 23. hxg3 Qf6 24. Qf4 Qxf4 25.
gxf4 Nxb2 26. Rb1 Nc4 27. Nxe6 fxe6 28. Bxc4 d5 29. exd5 exd5 30. Bd3 Rf7 31. Re6 Nxd3 32.
cxd3 Rb8 33. Rxc6 Rxf4 34. Rbxb6 1-0

[Event "Early-Titled-Tuesday-Blitz-January-23-2024"]
[Site "Chess.com"]
[Date "2024.01.23"]
[Round "5"]
[White "GothamChess"]
[Black "Zq1"]
[Result "1-0"]
[WhiteElo "2747"]
[BlackElo "2519"]
[TimeControl "180+1"]
[EndTime "8:54:51 PST"]
[Termination "GothamChess won by resignation"]

1. e4 c5 2. Nc3 g6 3. d4 cxd4 4. Qxd4 Nf6 5. Nf3 Nc6 6. Qd3 d6 7.
Nd5 Bg7 8. c3 O-O 9. Bg5 e6 10.
Nxf6+ Bxf6 11. Bxf6 Qxf6 12. Qxd6 Rd8 13. Qg3 b6 14. Be2 Bb7 15. O-O Ne7 16. e5 Qg7 17. Nd4 Nf5 18. Nxf5 gxf5 19. Rad1 Qxg3 20. hxg3 Kg7 21.
f4 Be4 22. Bf3 Bxf3 23. gxf3 h5 24. Kf2 b5 25. a3 a5 26. Ke2 b4 27. Rxd8 Rxd8 28.
cxb4 axb4 29. a4 b3 30. Rc1 Rd4 31. Ra1 Rc4 32. Kd3 Rc2 33. a5 Rxb2 34. Kc3 Rf2 35. a6 Rxf3+ 36. Kb2 1-0

[Event "Early-Titled-Tuesday-Blitz-January-23-2024"]
[Site "Chess.com"]
[Date "2024.01.23"]
[Round "5"]
[White "Rgoltsman"]
[Black "Jojo_898"]
[Result "0-1"]
[WhiteElo "2270"]
[BlackElo "2451"]
[TimeControl "180+1"]
[EndTime "8:54:51 PST"]
[Termination "Jojo_898 won on time"]

1. b3 Nf6 2. Bb2 e6 3. e3 b6 4. f4 Bb7 5. Nf3 c5 6. Be2 d5 7.
O-O Be7 8. Bb5+ Nbd7 9. Ne5 O-O 10. Bxd7 Nxd7 11. Nxd7 Qxd7 12. Qg4 f6 13. d3 Rac8 14.
Nd2 b5 15. a4 c4 16. dxc4 bxc4 17. bxc4 dxc4 18. Nf3 c3 19. Rad1 Bxf3 20. gxf3 Qc6 21. Bxc3 Qxc3 22. Qxe6+ Rf7 23. Rd7 Re8 24. Rfd1 Kf8 25.
Qf5 Qxe3+ 26. Kg2 Qe2+ 27. Kg3 g6 28. Qh3 Qxc2 29. Qh6+ Kg8 30. R1d2 Qxa4 31. Rc7 Bf8 0-1